 Dungeon Crawl Stone Soup version 0.30-a0-953-g5f1da4a474 (webtiles) character file.

Game seed: 3839794973181136949

1631 retardedninja the Gusty (level 8, 0/41 HPs)
             Began as a Deep Elf Air Elementalist on Mar 27, 2023.
             Killed from afar by an electric eel (8 damage)
             ... with a bolt of electricity
             ... on level 6 of the Dungeon on Mar 28, 2023.
             The game lasted 00:11:02 (6030 turns).

retardedninja the Gusty (Deep Elf Air Elementalist) Turns: 6030, Time: 00:11:02

Health: 0/41       AC:  8    Str:  5    XL:     8   Next: 65%
Magic:  19/19      EV: 14    Int: 28    God:
Gold:   316        SH:  0    Dex: 15    Spells: 17/20 levels left

rFire   . . .      SeeInvis .    G - +2 spear of Duty {flame, rC- Will++ Int+5}
rCold   x . .      Faith    .    (no shield)
rNeg    . . .      Spirit   .    a - +1 robe
rPois   +          Reflect  .    A - +1 helmet
rElec   .          Rampage  .    u - +0 cloak
rCorr   .                        g - +0 pair of gloves
Will    ++...                    y - +0 pair of boots
Stlth   ++                       C - amulet of the acrobat
HPRegen 0.26/turn                D - ring of wizardry
MPRegen 0.16/turn                v - ring of poison resistance

@: very slow
A: no striking features
a: no special abilities


You were on level 6 of the Dungeon.
You visited 1 branch of the dungeon, and saw 7 of its levels.

You collected 316 gold pieces.

Inventory:

Hand Weapons
 s - the +5 war axe of Nypseyq {heavy, Dex+6}
   (You found it on level 2 of the Dungeon)

   Dex:       It affects your dexterity (+6).
 G - the +2 spear of Duty (weapon) {flame, rC- Will++ Int+5}
   (You found it on level 5 of the Dungeon)

   Int:       It affects your intelligence (+5).
   rC:        It makes you vulnerable to cold.
   Will:      It greatly increases your willpower.
Armour
 a - a +1 robe (worn)
 g - a +0 pair of gloves (worn)
 u - a +0 cloak (worn)
 y - a +0 pair of boots (worn)
 A - a +1 helmet (worn)
Jewellery
 v - a ring of poison resistance (right hand)
 B - a +6 ring of intelligence
 C - an amulet of the acrobat (around neck)
 D - a ring of wizardry (left hand)
Wands
 p - a wand of light (4)
Scrolls
 d - 2 scrolls of noise
 e - 3 scrolls of teleportation
 f - 2 scrolls of fear
 h - 2 scrolls of immolation {unknown}
 m - a scroll of enchant weapon
 n - 2 scrolls of amnesia {unknown}
 t - a scroll of magic mapping {unknown}
 w - 4 scrolls of poison {unknown}
 x - a scroll of acquirement {unknown}
 E - a scroll of blinking {unknown}
 F - a scroll of identify
Potions
 b - 2 potions of magic
 c - 7 potions of curing {unknown}
 i - 2 potions of heal wounds {unknown}
 j - 2 potions of cancellation {unknown}
 k - 2 potions of berserk rage {unknown}
 l - a potion of invisibility {unknown}
 o - 3 potions of lignification
 r - a potion of ambrosia {unknown}
 z - 2 potions of brilliance {unknown}
 H - a potion of mutation {unknown}


   Skills:
 + Level 5.8 Dodging
 + Level 6.1 Stealth
 + Level 6.6 Spellcasting
 + Level 4.9 Conjurations
 * Level 7.1 Air Magic


You had 17 spell levels left.
You knew the following spells:

 Your Spells              Type           Power      Damage    Failure   Level
a - Shock                 Conj/Air       100%       1d9       1%          1
b - Static Discharge      Conj/Air       86%        2-6/arc   1%          2

Your spell library contained the following spells:

 Spells                   Type           Power      Damage    Failure   Level
 Swiftness                Air            49%        N/A       1%          3
 Airstrike                Air            24%        2d(4-20)  1%          4
 Freeze                   Ice            36%        1d5       2%          1
 Necrotise                Necr           36%        1d5       2%          1
 Hailstorm                Conj/Ice       23%        3d7       2%          3
 Frozen Ramparts          Ice            18%        1d3       7%          3
 Vampiric Draining        Necr           9%         2d6       7%          3
 Agony                    Necr           9%         N/A       52%         5


Dungeon Overview and Level Annotations

Branches:
Dungeon (7/15)
 Temple: D:4-7

Altars:


Message History

That beam is likely to hit you.
Continue anyway? [Y]es or [N]o only, please.
That beam is likely to hit you.
Continue anyway? [Y]es or [N]o only, please.
That beam is likely to hit you.
Continue anyway?
Okay, then.
The electric eel shoots out a bolt of lightning at you!
The bolt of electricity hits you!
There is a stone staircase leading down here.
You enter the shallow water.
Moving in this stuff is going to be slow.
Your unstable footing causes you to fumble your attack.
Your unstable footing causes you to fumble your attack.
The electric eel shoots out a bolt of lightning at you!
The bolt of electricity misses you.
You hit the electric eel. You burn the electric eel.
The electric eel is lightly wounded.
The electric eel shoots out a bolt of lightning at you!
The bolt of electricity hits you!
You barely miss the electric eel.
The electric eel is lightly wounded.
You closely miss the electric eel.
The electric eel is lightly wounded.
The electric eel shoots out a bolt of lightning at you!
The bolt of electricity hits you!
You hit the electric eel. You burn the electric eel.
The electric eel is moderately wounded.
Your unstable footing causes you to fumble your attack.
You hit the electric eel. You burn the electric eel.
The electric eel is heavily wounded.
You hit the electric eel. You burn the electric eel.
The electric eel is severely wounded.
The electric eel shoots out a bolt of lightning at you!
The bolt of electricity hits you!
* * * LOW HITPOINT WARNING * * *
You barely miss the electric eel.
The electric eel is severely wounded.
The electric eel shoots out a bolt of lightning at you!
The bolt of electricity hits you!
You die...

# .##
######..###
##.........###
#.<.....~~~≈≈#
#.......~###~##
#......^~≈≈≈~.#
##......~≈#≈@>#
#'#####~≈#≈S.#
#......≈≈#≈≈.#
#......~≈≈≈~.#
#......~###~.#
#......~≈≈≈≈.#
#......#####'#
#......##....##
#+
###)...##.....#


You could see an electric eel.

Vanquished Creatures
  A wyvern (D:7)
  Duvessa (D:5)
  2 ice beasts (D:7)
  An ogre (D:6)
  A phantom (D:5)
  2 bullfrogs (D:7)
  Blork the orc (D:4)
  A scorpion (D:7)
  4 wights (D:7)
  Dowan (D:5)
  A howler monkey (D:7)
  3 hounds
  2 jellies
  2 iguanas (D:7)
  A sleepcap (D:5)
  3 orc wizards
  Robin (D:2)
  5 adders
  A shadow imp (D:5)
  A white imp (D:7)
  3 ufetubi (D:5)
  3 worms (D:2)
  3 dart slugs (D:1)
  11 orcs
  6 bats
  An endoplasm (D:2)
  A giant cockroach (D:1)
  11 goblins
  8 hobgoblins
  8 kobolds
  7 quokkas
  7 ball pythons
  5 frilled lizards
  6 rats
115 creatures vanquished.

Notes
Turn   | Place    | Note
-------+----------+-------------------------------------------
     0 | D:1      | retardedninja the Deep Elf Air Elementalist began the quest
                  | for the Orb.
     0 | D:1      | Reached XP level 1. HP: 10/10 MP: 6/6
   315 | D:1      | Reached XP level 2. HP: 15/15 MP: 0/8
   934 | D:1      | Reached XP level 3. HP: 19/19 MP: 6/9
  1349 | D:2      | Noticed Robin
  1352 | D:2      | Killed Robin
  1362 | D:2      | Reached XP level 4. HP: 24/24 MP: 1/11
  1635 | D:2      | Identified the +5 war axe of Nypseyq {heavy, Dex+6}
  2185 | D:3      | Reached skill level 4 in Air Magic
  2250 | D:3      | Found a faded altar of an unknown god.
  2570 | D:3      | Reached XP level 5. HP: 28/28 MP: 8/13
  2957 | D:4      | Noticed Blork the orc
  2960 | D:4      | Killed Blork the orc
  3465 | D:4      | Reached XP level 6. HP: 32/32 MP: 10/14
  3735 | D:5      | Entered Level 5 of the Dungeon
  3913 | D:5      | You fall into a shaft and drop 2 floors!
  3928 | D:7      | Noticed an ice beast
  3936 | D:7      | Killed an ice beast
  3937 | D:7      | Reached skill level 5 in Air Magic
  3998 | D:7      | Reached skill level 5 in Spellcasting
  3998 | D:7      | Reached XP level 7. HP: 30/36 MP: 9/16
  4061 | D:7      | Upgraded the game from 0.30-a0-949-g53dc5368d7 to
                  | 0.30-a0-953-g5f1da4a474
  4152 | D:7      | Reached skill level 5 in Stealth
  4236 | D:7      | Noticed a wyvern
  4374 | D:7      | Killed a wyvern
  4375 | D:7      | Reached skill level 5 in Dodging
  4375 | D:7      | Reached skill level 6 in Air Magic
  4375 | D:7      | Reached XP level 8. HP: 30/41 MP: 13/18
  4845 | D:7      | Learned a level 2 spell: Static Discharge
  5387 | D:5      | Identified the +2 spear of Duty {flame, rC- Will++ Int+5}
  5786 | D:5      | Noticed Duvessa
  5787 | D:5      | Noticed Dowan
  5793 | D:5      | Killed Dowan
  5794 | D:5      | Reached skill level 7 in Air Magic
  5796 | D:5      | Killed Duvessa
  6030 | D:6      | Killed from afar by an electric eel

Illustrated notes

Levels and vault maps discovered:
D:1:      wander_arrival_peaceful_grave, layout_loops_ring
D:2:      minmay_evil_eye, layout_rooms, minmay_nonomino_d4, uniq_robin
D:3:      layout_loops_cross, shapermc_ecumenical_altar_venn
D:4:      layout_basic, dk_noncrumbling_4, uniq_blork_the_orc
D:5:      layout_cave_pools, serial_column_ruins, column_ruins_hut,
          column_ruins_hut_pillars, column_ruins_open_large,
          column_ruins_open_small, column_ruins_grid_1, column_ruins_open_tiny,
          column_ruins_open_medium, column_ruins_grid_3, column_ruins_grid_1,
          dreamdust_princess_bridge, amcnicky_mini_pool_small, uniq_duvessa
D:6:      layout_gridville, nicolae_uskayaw_dance_hall,
          beargit_hepliaklqana_dungeon_heroes, minmay_temple_entry_proselytizer,
          hangedman_abyss_or_decor_jellyfish_corner, grunt_ministairs_14,
          minmay_crystal_water, corexii_shack, uniq_pikel
D:7:      layout_basic, grunt_qazlal_sundering, hex_intersection

Skill      XL: |  1  2  3  4  5  6  7  8 |
---------------+-------------------------+-----
Stealth        | 3 4 5 6 |  6.1
Dodging        | 3 4 5 |  5.8
Conjurations   | 2 3 4 |  4.9
Air Magic      | 4 5 6 7 |  7.1
Spellcasting   | 4 5 6 |  6.6

Action                     |  1- 3 |  4- 6 |  7- 9 || total
---------------------------+-------+-------+-------++-------
  Melee: Club              |     4 |    11 |       ||    15
         War axe           |       |     1 |     3 ||     4
         Spear             |       |       |    10 ||    10
   Fire: Triple crossbow   |       |     9 |       ||     9
   Cast: Shock             |    66 |   112 |    97 ||   275
         Static Discharge  |       |       |     4 ||     4
  Evoke: Wand              |       |     2 |    11 ||    13
    Use: Scroll            |       |     6 |       ||     6
 Armour: Robe              |     3 |    14 |     9 ||    26
  Dodge: Dodged            |     8 |    44 |    35 ||    87

Table legend: (Time is in decaauts)
 A = Elapsed time spent in this place.
 B = Non-inter-level travel time spent in this place.
 C = Inter-level travel time spent in this place.
 D = Time resting spent in this place.
 E = Time spent auto-exploring this place.
 F = Levels seen in this place.
 G = Mean time per level.
                   A        B        C        D        E       F      G
               +--------+--------+--------+--------+--------+-----+--------+
         Total |   6045 |   5884 |    161 |    941 |   4146 |   7 |  863.6 |
       Dungeon |   6045 |   5884 |    161 |    941 |   4146 |   7 |  863.6 |
               +--------+--------+--------+--------+--------+-----+--------+

Top non-repeatable levels by time:
     D:7: 1175 daAuts
     D:1: 1116 daAuts
     D:2: 1018 daAuts
     D:4: 826 daAuts
     D:5: 812 daAuts
     D:3: 789 daAuts
     D:6: 306 daAuts
